 Dungeon Sprint DCSS version 0.21-a0-241-g2cbab09 (webtiles) character file.

5891 terra52 the Unseen (level 10, -13/60 HPs)
             Began as a Vine Stalker Berserker on Sept 4, 2017.
             Was a High Priest of Trog.
             Mangled by Sonja
             ... wielding a +2 short sword of distortion
              (20 damage)
             ... in the Dungeon (Sprint I: "Red Sonja").
             The game lasted 00:08:52 (888 turns).

terra52 the Unseen (Vine Stalker Berserker)          Turns: 888, Time: 00:08:53

Health: -13/60     AC: 10    Str: 19    XL:     10   Next: 82%
Magic:  0/11       EV: 15    Int:  7    God:    Trog [*****.]
Gold:   664        SH:  0    Dex: 18    Spells: 9/9 levels left

rFire    . . .     SeeInvis .   a - +0 short sword
rCold    . . .     Gourm    .   (no shield)
rNeg     . . .     Faith    .   m - +2 leather armour {rPois}
rPois    +         Spirit   +   (no helmet)
rElec    .         Reflect  .   (no cloak)
rCorr    .         Harm     .   n - +0 pair of gloves
MR       +....     NoTele   +   (no boots)
Stlth    +++++.....             (no amulet)
HPRegen  0.60/turn              s - +4 ring of protection
MPRegen  0.12/turn              (no ring)

@: lethally poisoned (-13 -> -17), slowed, heavily drained, very slow
A: fangs 3, regeneration 1, magic shield, antimagic bite, no potion heal 3, rot
immunity
a: Berserk, Trog's Hand, Brothers in Arms, Burn Spellbooks, Renounce Religion


You were in the Dungeon.
You worshipped Trog.
Trog was extremely pleased with you.
You were not hungry.

You visited 1 branch You collected 1279 gold pieces.
You spent 615 gold pieces at shops.

Inventory:

Hand Weapons
 a - a +0 short sword (weapon)
Missiles
 o - 2 tomahawks (quivered)
Armour
 b - a +0 animal skin
 m - a +2 leather armour of poison resistance (worn)
 n - a +0 pair of gloves (worn)
 r - the +5 scale mail of Happy Babbling {*Drain +Blink rN+}
   (You found it in the Dungeon)

   It protects you from negative energy.
   It lets you blink.
   It causes draining when unequipped.
Jewellery
 s - a +4 ring of protection (left hand)
Wands
 k - a wand of digging (8/24)
Scrolls
 i - a scroll of blinking
 l - a scroll of silence {unknown}
 q - a scroll of fog {unknown}
Potions
 d - 2 potions of curing
 e - a potion of heal wounds
 f - a potion of haste
 g - 2 potions of magic
 h - a potion of berserk rage
 j - a potion of lignification {unknown}
 p - 2 potions of degeneration {unknown}
 t - a potion of resistance
Comestibles
 c - 3 bread rations


   Skills:
 + Level 11.1(9.0) Fighting
 + Level 14.0(11.8) Short Blades
 + Level 6.5(4.7) Armour
 + Level 7.2(5.4) Dodging
 * Level 15.1(12.9) Stealth


You had 9 spell levels left.
You didn't know any spells.

Dungeon Overview and Level Annotations

Branches:
Dungeon (1/1)

Altars:
Cheibriados
Dithmenos
Elyvilon
Fedhas
Gozag
Hepliaklqana
Kikubaaqudgha
Makhleb
Nemelex Xobeh
Okawaru
Qazlal
Ru
Sif Muna
Trog
Uskayaw
Vehumet
Wu Jian
Xom
Yredelemnul
Zin
The Shining One
Jiyva
Lugonu

Shops:
D [(*(!?(*(((*}=[=

Annotations:
D Sonja


Innate Abilities, Weirdness & Mutations

You have razor-sharp teeth.
Your natural rate of healing is unusually fast.
When hurt, damage is shared between your health and your magic reserves.
Your bite disrupts and absorbs the magic of your enemies.
Potions cannot restore your health.
You are immune to rotting.


Message History

Space warps horribly around you!
Sonja hits you with an uncursed short sword of distortion.
You feel a strange sense of stasis.
Sonja hits you with an uncursed short sword of distortion.
Sonja closely misses you. Sonja hits you but does no damage.
Sonja barely misses you.
Things that are here:
a +0 troll leather armour; a deep troll corpse You feel sick.
Sonja misses you. Sonja hits you but does no damage.
You feel a strange sense of stasis.
Sonja hits you with an uncursed short sword of distortion.
Sonja hits you with an uncursed short sword of distortion!
Space warps horribly around you!
* * * LOW HITPOINT WARNING * * *
Sonja misses you. Sonja closely misses you.
You feel sick. Sonja misses you. x2
Sonja hits you with an uncursed short sword of distortion.
* * * LOW HITPOINT WARNING * * *
Space warps horribly around you!
You die...

..#####+#####'#__####...+
..### #...#.####.§#####
..#__####..##§#≈≈§..#$$#
..#_____##'#§§§§§§§§§..#
⌠⌠#_.∩...'..._#§§§§.#..#
###_..__##_.#'##§#####'###
#_____###+#(#§.).###.'.#
#########.####'###.###.#
+$(((((@K.'.∩##.#
#$.$###########.#
##.###.......##.# #+#
#......§.§§# #+++######§#
#.).....§#§#
######††.....#§.#
#.}..†......≈####
#..........≈≈#


You could see Sonja.

Vanquished Creatures
  2 centaur warriors (D)
  A deep troll (D)
  2 unseen horrors (D)
  An oklob plant (D)
  2 kobold demonologists (D)
  A hornet (D)
  A slime creature (D)
  Sigmund (D)
  A yak (D)
  2 redbacks (D)
  2 floating eyes (D)
  7 necrophages (D)
  An ogre (D)
  8 jellies (D)
  Ijyb (D)
33 creatures vanquished.

Vanquished Creatures (others)
  A gargoyle (D)
1 creature vanquished.

Grand Total: 34 creatures vanquished

Notes
Turn   | Place    | Note
-------+----------+-------------------------------------------
     0 | D        | terra52 the Vine Stalker Berserker began the quest for the Orb.
     0 | D        | Reached XP level 1. HP: 11/11 MP: 2/2
     2 | D        | Noticed Ijyb
    12 | D        | Killed Ijyb
    12 | D        | Reached skill level 2 in Stealth
    12 | D        | Reached XP level 2. HP: 16/17 MP: 3/3
    12 | D        | Reached XP level 3. HP: 20/21 MP: 4/4
    69 | D        | Noticed an ogre
    75 | D        | Killed an ogre
    75 | D        | Reached skill level 5 in Fighting
    75 | D        | Reached skill level 5 in Short Blades
    75 | D        | Reached skill level 5 in Stealth
    75 | D        | Gained mutation: Your natural rate of healing is unusually fast. [Vine Stalker growth]
    75 | D        | Reached XP level 4. HP: 27/27 MP: 5/5
   118 | D        | Noticed Sigmund
   144 | D        | Killed Sigmund
   144 | D        | Reached ** piety under Trog
   144 | D        | Reached skill level 7 in Stealth
   144 | D        | Reached XP level 5. HP: 9/32 MP: 2/6
   144 | D        | Reached XP level 6. HP: 11/37 MP: 2/7
   189 | D        | Found an ornate altar of the Wu Jian Council.
   189 | D        | Found a deep blue altar of Sif Muna.
   191 | D        | Found a radiant altar of Vehumet.
   243 | D        | Found Peutwusch's Armour Emporium.
   243 | D        | Found an ancient bone altar of Kikubaaqudgha.
   243 | D        | Found a hazy altar of Hepliaklqana.
   243 | D        | Found a stormy altar of Qazlal.
   243 | D        | Found a hide-covered altar of Uskayaw.
   243 | D        | Found a blossoming altar of Fedhas.
   243 | D        | Found a bloodstained altar of Trog.
   243 | D        | Found an iron altar of Okawaru.
   243 | D        | Found a basalt altar of Yredelemnul.
   243 | D        | Found a glowing golden altar of the Shining One.
   243 | D        | Found a snail-covered altar of Cheibriados.
   243 | D        | Found a sacrificial altar of Ru.
   243 | D        | Found a glowing silver altar of Zin.
   243 | D        | Found a shadowy altar of Dithmenos.
   243 | D        | Found a white marble altar of Elyvilon.
   243 | D        | Noticed a yak
   244 | D        | Found an opulent altar of Gozag.
   247 | D        | Killed a yak
   247 | D        | Reached skill level 8 in Stealth
   247 | D        | Reached XP level 7. HP: 42/42 MP: 8/8
   248 | D        | Found a sparkling altar of Nemelex Xobeh.
   279 | D        | Bought a +2 leather armour of poison resistance for 176 gold pieces
   279 | D        | Bought a +0 pair of gloves for 49 gold pieces
   317 | D        | Found a burning altar of Makhleb.
   317 | D        | Found a viscous altar of Jiyva.
   317 | D        | Found a shimmering altar of Xom.
   317 | D        | Found a corrupted altar of Lugonu.
   317 | D        | Noticed a slime creature
   332 | D        | Killed a slime creature
   332 | D        | Reached *** piety under Trog
   332 | D        | Reached skill level 9 in Stealth
   366 | D        | Noticed a kobold demonologist
   367 | D        | Noticed a kobold demonologist
   373 | D        | Noticed an orange demon
   378 | D        | Noticed a neqoxec
   382 | D        | Killed a kobold demonologist
   382 | D        | Reached skill level 10 in Short Blades
   382 | D        | Reached skill level 10 in Stealth
   382 | D        | Gained mutation: You have razor-sharp teeth. [Vine Stalker growth]
   382 | D        | Reached XP level 8. HP: 48/48 MP: 9/9
   384 | D        | Killed a kobold demonologist
   384 | D        | Reached **** piety under Trog
   431 | D        | Killed a gargoyle
   435 | D        | Noticed a centaur warrior
   435 | D        | Noticed a centaur warrior
   443 | D        | Killed a centaur warrior
   443 | D        | Reached skill level 5 in Armour
   443 | D        | Reached skill level 5 in Dodging
   443 | D        | Reached skill level 11 in Stealth
   443 | D        | Reached XP level 9. HP: 26/53 MP: 10/10
   448 | D        | Killed a centaur warrior
   448 | D        | Reached skill level 10 in Fighting
   448 | D        | Reached skill level 12 in Stealth
   485 | D        | Noticed a hornet
   490 | D        | Killed a hornet
   532 | D        | Noticed an oklob plant
   534 | D        | Killed an oklob plant
   534 | D        | Reached ***** piety under Trog
   541 | D        | Reached XP level 10. HP: 60/60 MP: 11/11
   544 | D        | Received a gift from Trog
   575 | D        | Killed an unseen horror
   575 | D        | Reached skill level 13 in Stealth
   580 | D        | Killed an unseen horror
   580 | D        | Reached skill level 14 in Stealth
   735 | D        | Received a gift from Trog
   770 | D        | Got a spiked scale mail
   781 | D        | Identified the +5 scale mail of Happy Babbling {*Drain +Blink rN+} (You found it in the Dungeon)
   783 | D        | Found Malap's Assorted Antiques.
   783 | D        | Found Gawocs's Antique Weapon Shop.
   783 | D        | Found Urafiw's Antique Weapon Boutique.
   785 | D        | Found Toum's Distillery.
   785 | D        | Found Yromanti's Magic Scroll Shop.
   785 | D        | Found Voeck's Antique Weapon Shoppe.
   785 | D        | Found Qasen's General Store.
   785 | D        | Found Yxuerir's Weapon Emporium.
   785 | D        | Found Ytiwyu Tuse's Weapon Shop.
   785 | D        | Found Batuq's Weapon Shoppe.
   786 | D        | Bought a silver ring for 120 gold pieces
   789 | D        | Found Nadigh's Assorted Antiques.
   790 | D        | Bought a potion of resistance for 140 gold pieces
   790 | D        | Found Daaqooc's Jewellery Emporium.
   790 | D        | Found Rulon's Gadget Boutique.
   791 | D        | Found Mone's Jewellery Emporium.
   796 | D        | Bought a bread ration for 65 gold pieces
   796 | D        | Bought a bread ration for 65 gold pieces
   839 | D        | Noticed a deep troll
   841 | D        | Killed a deep troll
   841 | D        | Reached skill level 15 in Stealth
   855 | D        | Found Gixe's Armour Emporium.
   878 | D        | Noticed Sonja
   888 | D        | Mangled by Sonja

Vault maps used:
D:        dungeon_sprint_1

Skill      XL: |  1  2  3  4  5  6  7  8  9 10 |
---------------+-------------------------------+-----
Fighting       | 3 5 6 7 8 9 10 11 | 11.1
Short Blades   | 4 5 7 8 10 11 13 14 | 14.0
Armour         | 2 3 4 5 6 |  6.5
Dodging        | 2 3 4 5 6 7 |  7.2
Stealth        | 2 5 7 8 10 11 12 15 | 15.1

Action                   |  1- 3 |  4- 6 |  7- 9 | 10-12 || total
-------------------------+-------+-------+-------+-------++-------
Melee: Short sword       |    12 |    29 |    47 |    59 ||   147
       Bite              |     5 |    11 |    22 |    28 ||    66
Invok: Berserk           |     2 |     1 |     3 |     2 ||     8
 Stab: Sleeping          |     1 |     1 |     3 |     6 ||    11
  Eat: Chunk             |       |     1 |     4 |     1 ||     6
       Royal jelly       |       |       |       |     1 ||     1
Armor: Animal skin       |     1 |       |       |       ||     1
       Leather armour    |       |       |     7 |    14 ||    21
Dodge: Dodged            |     5 |     6 |    15 |    29 ||    55

Table legend:
 A = Spawn XP
 B = Non-spawn XP
 C = Spawn XP percentage of total XP
 D = Spawn monster count
 E = Non-spawn monster count
 F = Spawn count percentage of total count
 G = Total turns spent on level
                    A         B        C        D         E        F      G
               +---------+---------+-------+---------+---------+-------+---------
         Total |       0 |    8416 |   0.0 |       0 |      33 |   0.0 |   888
               +---------+---------+-------+---------+---------+-------+---------
             D |       0 |    8416 |   0.0 |       0 |      33 |   0.0 |   888
               +---------+---------+-------+---------+---------+-------+---------
